 Dungeon Sprint DCSS version 0.30-a0-358-g0d69a1922f (webtiles) character file.

Game seed: 13698291583423463357

47 rocky1 the Ruffian (level 3, -8/31 HPs)
             Began as a Draconian Transmuter on Nov 9, 2022.
             Mangled by Crazy Yiuf
             ... wielding a +2 quarterstaff of chaos
              (9 damage)
             ... in the Dungeon (Sprint III: "The Ten Rune Challenge").
             The game lasted 00:02:43 (605 turns).

rocky1 the Ruffian (Draconian Transmuter)            Turns: 605, Time: 00:02:44

Health: -8/31      AC:  2    Str: 12    XL:     3   Next: 48%
Magic:  0/7        EV: 20    Int: 15    God:
Gold:   0          SH:  0    Dex: 16    Spells: 2/8 levels left

rFire   . . .      SeeInvis .      - Unarmed
rCold   . . .      Faith    .    (shield currently unavailable)
rNeg    . . .      Spirit   .    (body armour unavailable)
rPois   x          Reflect  .    (helmet currently unavailable)
rElec   .          Harm     .    (cloak currently unavailable)
rCorr   .          Rampage  .    (gloves currently unavailable)
Will    .....      NoTele   +    (boots currently unavailable)
Stlth   +.........               (no amulet)
HPRegen 0.25/turn                (no ring)
MPRegen 0.10/turn                (no ring)

@: spider-form (expiring)
A: venomous fangs, AC +5, tiny, unfitting armour, (cold-blooded)
a: End Transformation


You were in the Dungeon.
You were a venomous arachnid creature.
You visited 1 branch

Inventory:

Scrolls
 g - a scroll of blinking
Potions
 a - a potion of lignification
 b - a potion of curing
 c - a potion of heal wounds
 d - 2 potions of haste
 e - 2 potions of magic
 f - a potion of berserk rage


   Skills:
 + Level 3.0 Fighting
 + Level 3.1 Dodging
 * Level 5.0 Unarmed Combat
 + Level 3.2 Spellcasting
 + Level 3.3 Transmutations


You had 2 spell levels left.
You knew the following spells:

 Your Spells              Type           Power      Damage    Failure   Level
a - Beastly Appendage     Tmut           24%        N/A       14%         1
b - Wereblood             Tmut           12%        N/A       21%         2
c - Spider Form           Tmut/Pois      7%         N/A       52%         3

Your spell library contained the following spells:

 Spells                   Type           Power      Damage    Failure   Level
 Ice Form                 Ice/Tmut       7%         N/A       86%         4


Dungeon Overview and Level Annotations

Branches:
Dungeon (1/1)

Altars:

Annotations:
D Crazy Yiuf


Innate Abilities, Weirdness & Mutations

You are a venomous arachnid creature.
You have poisonous fangs.
You are tiny and dextrous.
Your spellcasting is less reliable in this form.
Your armour is entirely melded.
You are incapable of wielding weapons or throwing items.
((Your plain brown scales are hard. (AC +5)))
You cannot fit into any form of body armour.
((You are cold-blooded and may be slowed by cold attacks.))


Message History

You start resting.
HP restored.
You start resting.
Magic restored.
You start waiting.
Done waiting.
Casting: Spider Form (quite dangerous; 30% risk of failure)
Confirm with . or Enter, or press ? or * to list all spells.
You don't know that spell.
Unknown command.
Casting: Spider Form (quite dangerous; 30% risk of failure)
Confirm with . or Enter, or press ? or * to list all spells.
The spell is quite dangerous to miscast (30% risk of failure)!
Continue anyway? [Y]es or [N]o only, please.
The spell is quite dangerous to miscast (30% risk of failure)!
Continue anyway?
Okay, then.
Casting: Spider Form (quite dangerous; 30% risk of failure)
Confirm with . or Enter, or press ? or * to list all spells.
The spell is quite dangerous to miscast (30% risk of failure)!
Continue anyway? [Y]es or [N]o only, please.
The spell is quite dangerous to miscast (30% risk of failure)!
Continue anyway?
Okay, then.
Casting: Spider Form (quite dangerous; 30% risk of failure)
Confirm with . or Enter, or press ? or * to list all spells.
The spell is quite dangerous to miscast (30% risk of failure)!
Continue anyway?
You turn into a venomous arachnid creature.
Unknown command.
Your transformation is almost over.
You see here a human skeleton.
Crazy Yiuf shouts!
Crazy Yiuf drinks a potion.
Crazy Yiuf flickers and vanishes!
Deactivating autopickup; reactivate with Ctrl-A.
Something hits you!
You feel your power leaking away.
You barely miss something. Something hits you!
You completely miss something. Something misses you.
You hit something. Something hits you!
* * * LOW HITPOINT WARNING * * *
You closely miss something. Something hits you!
You die...

▓..##.......# .#
▓##.##.##...# ..#
##.##.###..# #..#
▓#.####.##).# ...+
▓.###..##..####...#
▓#.....##..###....#
###..##...##.....#
##..##...)#......#
#..###..##÷#.s{..#
#..# #.. ####....#
▓▓▓▓ ▓▓▓ ▓▓▓▓▓▓


There were no monsters in sight!

Vanquished Creatures
  Jessica (D)
  A human (D)
  2 endoplasms (D)
  A rat (D)
5 creatures vanquished.

Notes
Turn   | Place    | Note
-------+----------+-------------------------------------------
     0 | D        | rocky1 the Draconian Transmuter began the quest for the
                  | Orb.
     0 | D        | Reached XP level 1. HP: 16/16 MP: 3/3
    48 | D        | Noticed Jessica
    52 | D        | Killed Jessica
    53 | D        | Reached skill level 4 in Unarmed Combat
    53 | D        | Reached XP level 2. HP: 25/25 MP: 3/6
    53 | D        | Reached XP level 3. HP: 30/30 MP: 3/7
   251 | D        | Learned a level 3 spell: Spider Form
   253 | D        | Noticed Crazy Yiuf
   266 | D        | Reached skill level 5 in Unarmed Combat
   436 | D        | Learned a level 2 spell: Wereblood
   604 | D        | HP: 1/31 [something (10)]
   605 | D        | Mangled by Crazy Yiuf

Illustrated notes

Levels and vault maps discovered:
D:        dungeon_sprint_mu [sprint_mu_entry_cave, sprint_mu_temple_rooms,
          sprint_mu_d1_horrors, sprint_mu_d2_genie, sprint_mu_d3_branching,
          sprint_mu_orc_legion, sprint_mu_elf_gauntlet, sprint_mu_hive_nellie,
          sprint_mu_lair_fedhas, sprint_mu_vaults_butterflies,
          sprint_mu_slime_circle, sprint_mu_shoals_archi,
          sprint_mu_snake_twists, sprint_mu_blade_basic,
          sprint_mu_crypt_fortress, sprint_mu_tomb_spiral,
          sprint_mu_vestibule_basic, sprint_mu_gehenna_hellfire,
          sprint_mu_dis_giant, sprint_mu_tartarus_statrot,
          sprint_mu_cocytus_islands, sprint_mu_zot1]

Skill      XL: |  1  2  3 |
---------------+----------+-----
Dodging        | 2 3 |  3.1
Fighting       | 2 3 |  3.0
Unarmed Combat | 4 5 |  5.0
Spellcasting   | 3 |  3.2
Transmutations | 3 |  3.3

Action                   || total
-------------------------++-------
Melee: Unarmed           ||    20
       Kick              ||     2
       Headbutt          ||     1
       Punch             ||     1
 Cast: Beastly Appendage ||     3
       Spider Form       ||     2
Armor: Skin              ||     1
Dodge: Dodged            ||     8

Table legend: (Time is in decaauts)
 A = Elapsed time spent in this place.
 B = Non-inter-level travel time spent in this place.
 C = Inter-level travel time spent in this place.
 D = Time resting spent in this place.
 E = Time spent auto-exploring this place.
 F = Levels seen in this place.
 G = Mean time per level.
                   A        B        C        D        E       F      G
               +--------+--------+--------+--------+--------+-----+--------+
         Total |    603 |    603 |      0 |    514 |      0 |   1 |  603.0 |
       Dungeon |    603 |    603 |      0 |    514 |      0 |   1 |  603.0 |
               +--------+--------+--------+--------+--------+-----+--------+

Top non-repeatable levels by time:
       D: 603 daAuts
